 Dungeon Crawl Stone Soup version 0.27-a0-797-g27d10ad80f (webtiles) character file.

Game seed: 16736594339844924136

3 polve the Skirmisher (level 1, -6/18 HPs)
             Began as a Demonspawn Abyssal Knight on Mar 27, 2021.
             Was a Follower of Lugonu.
             Mangled by a gnoll
             ... wielding a +0 spear
              (8 damage)
             ... on level 2 of the Dungeon.
             The game lasted 00:00:17 (170 turns).

polve the Skirmisher (Demonspawn Abyssal Knight)     Turns: 170, Time: 00:00:17

Health: -6/18      AC:  3    Str: 12    XL:     1   Next: 41%
Magic:  2/2        EV: 11    Int: 13    God:    Lugonu [*.....]
Gold:   0          SH:  0    Dex: 12    Spells: 0/0 levels left

rFire    . . .     SeeInvis .   a - +1 falchion
rCold    . . .     Faith    .   (no shield)
rNeg     . . .     Spirit   .   b - +0 leather armour
rPois    .         Reflect  .   (no helmet)
rElec    .         Harm     .   (no cloak)
rCorr    .         Rampage  .   (no gloves)
Will     .....                  (no boots)
Stlth    +.........             (no amulet)
HPRegen  0.06/turn              (no ring)
MPRegen  0.08/turn              (no ring)

@: no status effects
A: no striking features
a: Renounce Religion, Depart the Abyss


You were on level 2 of the Dungeon.
You worshipped Lugonu.
Lugonu was aware of your devotion.
You visited 1 branch of the dungeon, and saw 2 of its levels.
You visited the Abyss 1 time.

Inventory:

Hand Weapons
 a - a +1 falchion (weapon)
Armour
 b - a +0 leather armour (worn)


   Skills:
 - Level 3.0 Fighting
 + Level 2.1 Long Blades
 - Level 1.7 Armour
 - Level 0.8 Dodging
 - Level 2.4 Invocations


You couldn't memorise any spells.
You didn't know any spells.
Your spell library was empty.

Dungeon Overview and Level Annotations

Branches:
Dungeon (1/15)

Altars:


Message History

You are too injured to fight recklessly!
You are too injured to fight recklessly!
What are your orders? t - Shout!
Orders for allies: a - Attack new target. r - Retreat! s - Stop attacking. g - Guard the area. f - Follow me.
Anything else - Cancel.
Guard this area!
The bat hits you but does no damage. x2
The howler monkey hoots and howls with incredible vigour!
The kobold hits you with a +0 dagger. The hobgoblin closely misses you.
You riposte.
You closely miss the hobgoblin. The gnoll barely misses you.
The howler monkey misses you.
You hear a bark! x2; You hear a shout!
There are no objects that can be picked up here. a hobgoblin corpse; a ball python corpse The bat closely misses you.
The kobold throws a stone.
The stone misses you.
The howler monkey hoots and howls with incredible vigour!
The bat closely misses you. The bat hits you but does no damage.
The bat hits you. The bat barely misses you.
The bat hits you but does no damage. The bat barely misses you.
The kobold throws a stone.
The stone hits you. The bat barely misses you.
You miss the bat.
The bat is moderately wounded.
The bat closely misses you.
The hobgoblin hits you but does no damage.
You hit the hobgoblin.
The hobgoblin is severely wounded.
The gnoll hits you from afar with a +0 spear.
* * * LOW HITPOINT WARNING * * *
The hobgoblin hits you.
* * * LOW HITPOINT WARNING * * *
You hit the hobgoblin.
You kill the hobgoblin!
Lugonu accepts your kill. The bat barely misses you.
The gnoll hits you from afar with a +0 spear!
You die...

#......# ⌠...⌠ #......#
..... #.....(# ...>..
#......# ......
#......# #.⌠...⌠
###...hg.##.......
#####...Kgg..gg....⌠..
##....[###b##.h†.......
#....### #@#####.......
#.....## #.# .......
#.#....###.# #.###.#
#...#....... g# #
##.......... ..
#####†......... ..
#.............# #.
#.....###......
#.....###.....


You could see a howler monkey, 3 gnolls, a bat and a kobold.

Vanquished Creatures
  A ball python (D:2)
  2 hobgoblins (D:2)
  A rat (D:2)
4 creatures vanquished.

Notes
Turn   | Place    | Note
-------+----------+-------------------------------------------
     0 | Abyss:1  | polve the Demonspawn Abyssal Knight began the quest for the
                  | Orb.
     0 | Abyss:1  | Reached XP level 1. HP: 18/18 MP: 2/2
    65 | Abyss:1  | Noticed an ice devil
    75 | D:1      | Escaped the Abyss
    98 | D:1      | You fall into a shaft and drop 1 floor!
   156 | D:2      | Noticed a howler monkey
   157 | D:2      | Reached * piety under Lugonu
   170 | D:2      | Mangled by a gnoll

Illustrated notes

Levels and vault maps discovered:
D:1:      minmay_arrival_wavy_path, layout_basic
D:2:      layout_rooms, nicolae_ru_the_path_less_chosen,
          nicolae_overflow_crystal_walls, grunt_ministairs_2,
          minmay_misc_feat_tiny, uniq_jessica

Skill      XL: |  1 |
---------------+----+-----
Long Blades    | 2 |  2.1
Fighting       | |  3.0
Armour         | |  1.7
Dodging        | |  0.8
Invocations    | |  2.4

Action                   || total
-------------------------++-------
Melee: Falchion          ||     9
Invok: Depart the Abyss  ||     1
Armor: Leather armour    ||     8
Dodge: Dodged            ||    16
       Rpst.: Falchion   ||     3

Table legend: (Time is in decaauts)
 A = Elapsed time spent in this place.
 B = Non-inter-level travel time spent in this place.
 C = Inter-level travel time spent in this place.
 D = Time resting spent in this place.
 E = Time spent auto-exploring this place.
 F = Levels seen in this place.
 G = Mean time per level.
                   A        B        C        D        E       F      G
               +--------+--------+--------+--------+--------+-----+--------+
         Total |    171 |    171 |      0 |      0 |    137 |   3 |   57.0 |
       Dungeon |     96 |     96 |      0 |      0 |     70 |   2 |   48.0 |
         Abyss |     75 |     75 |      0 |      0 |     67 |   1 |   75.0 |
               +--------+--------+--------+--------+--------+-----+--------+

Top non-repeatable levels by time:
 Abyss:1: 75 daAuts
     D:2: 73 daAuts
     D:1: 22 daAuts
